 Dungeon Crawl Stone Soup version 0.18-a0-1070-gd466a24 (webtiles) character file.

65 M4edhros the Charlatan (level 4, -3/28 HPs)
             Began as an Octopode Artificer on Jan 14, 2016.
             Slain by an iguana (14 damage)
             ... on level 4 of the Dungeon.
             The game lasted 00:02:18 (1780 turns).

M4edhros the Charlatan (Octopode Artificer)         Turns: 1780, Time: 00:02:18

Health: -3/28      AC:  1    Str: 10    XL:     4   Next: 13%
Magic:  6/6        EV: 13    Int: 15    God:
Gold:   123        SH:  0    Dex: 12    Spells: 0 memorised, 3 levels left

rFire  . . .     SeeInvis .     a - +0 short sword
rCold  + . .     Gourm    .     (no shield)
rNeg   . . .     Faith    .     (helmet restricted)
rPois  .         Spirit   .     (no amulet)
rElec  .         Dismiss  .     h - ring of protection from cold
rCorr  .         Reflect  .     (no ring)
SustAt .         Harm     .     (no ring)
MR     .....                    (no ring)
Stlth  +++.......               (no ring)
                                (no ring)
                                (no ring)
                                (no ring)

@: not resistant to hostile enchantments, fairly stealthy
A: almost no armour, amphibious, 8 rings, constrict 8, camouflage 1, gelatinous
body 1
a: no special abilities


You were on level 4 of the Dungeon.
You were not hungry.

You visited 1 branch of the dungeon, and saw 4 of its levels.

You collected 123 gold pieces.

Inventory:

Hand Weapons
 a - a +0 short sword (weapon)
 i - a +0 hunting sling
Missiles
 e - 89 stones (quivered)
 k - 41 sling bullets
Jewellery
 h - a ring of protection from cold (left tentacle)
Wands
 b - a wand of flame (10/48)
 c - a wand of enslavement (14/24)
 d - a wand of random effects (15/48)
Scrolls
 g - 3 scrolls of remove curse
 j - a scroll of fog {unknown}
 l - a scroll of magic mapping
 n - a scroll of noise {unknown}
Potions
 o - a potion of curing {unknown}
 p - 2 potions of heal wounds {unknown}
Comestibles
 f - a bread ration
 m - a slice of pizza


   Skills:
 - Level 1.0 Fighting
 - Level 1.0 Short Blades
 * Level 1.5 Slings
 * Level 2.8 Dodging
 * Level 3.4 Stealth
 + Level 3.5 Evocations


You had 3 spell levels left.
You didn't know any spells.

Dungeon Overview and Level Annotations

Branches:
Dungeon (4/15)
 Temple: D:4-7

Altars:
Qazlal


Innate Abilities, Weirdness & Mutations

You cannot wear most types of armour.
You are amphibious.
You can wear up to eight rings at the same time.
You can use your tentacles to constrict eight enemies at once.
Your skin changes colour to match your surroundings (Stealth).
Your rubbery body absorbs attacks (AC +1).


Message History

The iguana closely misses you.
You closely miss the iguana. Your grab misses the iguana.
The iguana is heavily wounded.
The iguana closely misses you.
You barely miss the iguana. You grab the iguana.
The iguana is heavily wounded.
You constrict the iguana, but do no damage.
The iguana bites you.
You hit the iguana but do no damage.
The iguana is heavily wounded.
You constrict the iguana. The iguana bites you.
You hit the iguana.
The iguana is heavily wounded.
You constrict the iguana, but do no damage.
The iguana bites you.
You hit the iguana.
The iguana is severely wounded.
You constrict the iguana. The iguana bites you!
Ouch! That really hurt!
You die...

####h###### #######.#
#########
........######........
##...........))########
#.###########%[.......
# ######.###.#####
#......# .#
#.####.###l# ##..@#
#.### #.# ..# #... ....
%#... .#....


You could see an iguana.

Vanquished Creatures
  2 adders
  A worm (D:3)
  3 giant geckos (D:1)
  2 orcs (D:4)
  2 giant cockroaches
  5 goblins (D:1)
  2 hobgoblins (D:1)
  5 jackals
  4 kobolds (D:1)
  5 bats
  A giant newt (D:1)
  3 rats
35 creatures vanquished.

Vanquished Creatures (collateral kills)
  A jackal (D:3)
1 creature vanquished.

Grand Total: 36 creatures vanquished

Notes
Turn   | Place    | Note
--------------------------------------------------------------
     0 | D:1      | M4edhros the Octopode Artificer began the quest for the Orb.
     0 | D:1      | Reached XP level 1. HP: 13/13 MP: 3/3
    36 | D:1      | Reached XP level 2. HP: 1/18 MP: 4/4
   849 | D:1      | Reached XP level 3. HP: 20/23 MP: 5/5
  1170 | D:2      | Reached skill level 1 in Slings
  1628 | D:3      | Reached XP level 4. HP: 25/28 MP: 6/6
  1664 | D:3      | Found a stormy altar of Qazlal.
  1718 | D:4      | Noticed an ogre
  1780 | D:4      | Slain by an iguana

Vault maps used:
D:1:      dpeg_arrival_renting
D:2:      kennysheep_path_1, uniq_jessica
D:3:      old_standard_altar
D:4:      first_bread, uniq_crazy_yiuf_cottage, uniq_grinder, uniq_natasha

Action                   |  1- 3 |  4- 6 || total
-------------------------+-------+-------++-------
Melee: Short sword       |    48 |    19 ||    67
 Fire: Hunting sling     |    30 |       ||    30
Evoke: Wand              |     6 |       ||     6
  Use: Scroll            |     4 |       ||     4
 Stab: Sleeping          |     4 |     1 ||     5
  Eat: Chunk             |     2 |     1 ||     3
